[Event "Late-Titled-Tuesday-Blitz-April-30-2024"]
[Site "Chess.com"]
[Date "2024.04.30"]
[Round "1"]
[White "GiorgianBarbosa"]
[Black "AungTZ"]
[Result "0-1"]
[WhiteElo "2545"]
[BlackElo "2152"]
[TimeControl "180+1"]
[EndTime "14:05:04 PDT"]
[Termination "AungTZ won by checkmate"]

1. d4 Nf6 2. c4 e6 3. Nc3 Bb4 4.
e3 c5 5. Ne2 O-O 6. a3 Bxc3+ 7.
Nxc3 d6 8. g3 Nc6 9. Bg2 Bd7 10.
O-O a6 11. Rb1 Qe7 12. b4 Rac8 13. bxc5 dxc5 14. Rxb7 Na5 15. Ra7 Nxc4 16. Qe2 cxd4 17. exd4 Nxa3 18. Ne4 Nb5 19. Nxf6+ gxf6 20. Bh6 Kh8 21.
Bxf8 Rxf8 22. Rxa6 Nxd4 23. Qd2 Bb5 24. Qxd4 Bxa6 25.
Ra1 Bb5 26. Ra7 Qd8 27. Qc5 Qd1+ 28. Bf1 Qxf1# 0-1

[Event "Late-Titled-Tuesday-Blitz-April-30-2024"]
[Site "Chess.com"]
[Date "2024.04.30"]
[Round "1"]
[White "Kostukov_Alex"]
[Black "Ditman2007"]
[Result "0-1"]
[WhiteElo "2385"]
[BlackElo "2676"]
[TimeControl "180+1"]
[EndTime "14:05:05 PDT"]
[Termination "Ditman2007 won by resignation"]

1. g3 c5 2. Bg2 Nc6 3. c4 g6 4. Nf3 Bg7 5. O-O e5 6. Nc3 d6 7. Ne1 Be6 8. b3 Nge7 9. Nc2 d5 10. cxd5 Nxd5 11. Bb2 O-O 12. d3 e4 13. Na4 Bxb2 14.
Nxb2 Nc3 15. Qd2 Qf6 16. dxe4 Nxe2+ 17. Qxe2 Qxb2 18. Rfe1 Rfd8 19. Ne3 Rd2 20. Qb5 Nd4 21. Qxc5 Rc8 22. Qg5 Rxf2 23. Rad1 Rxg2+ 0-1

[Event "Late-Titled-Tuesday-Blitz-April-30-2024"]
[Site "Chess.com"]
[Date "2024.04.30"]
[Round "1"]
[White "Valiyev_Shahin"]
[Black "prxcess_brownie"]
[Result "1-0"]
[WhiteElo "2564"]
[BlackElo "2154"]
[TimeControl "180+1"]
[EndTime "14:05:05 PDT"]
[Termination "Valiyev_Shahin won by resignation"]

1. e4 c5 2. Nf3 Nc6 3. d4 cxd4 4. Nxd4 g6 5. c4 Bg7 6. Be3 Nf6 7. Nc3 O-O 8. Be2 d6 9. O-O Bd7 10. Qd2 Nxd4 11. Bxd4 Bc6 12. f3 b6 13. b4 a6 14.
Rac1 Nd7 15. Bxg7 Kxg7 16. f4 a5 17. a3 axb4 18. axb4 Ra3 19. Nd5 e6 20. Qb2+ Kg8 21. Qxa3 exd5 22. cxd5 Ba8 23. Bb5 Nf6 24. Qd3 Qe7 25.
Rfe1 Nh5 26. Qe3 Qf6 27. g3 Qd8 28. Qd4 Ng7 29. Ra1 Ne8 30. Ra7 Nc7 31. Bc4 Re8 32. Rea1 b5 33. Bd3 Qe7 34. Qb6 Rc8 35. Rc1 1-0

[Event "Late-Titled-Tuesday-Blitz-April-30-2024"]
[Site "Chess.com"]
[Date "2024.04.30"]
[Round "1"]
[White "Indefatigable11"]
[Black "GothamChess"]
[Result "0-1"]
[WhiteElo "2373"]
[BlackElo "2673"]
[TimeControl "180+1"]
[EndTime "14:05:06 PDT"]
[Termination "GothamChess won by checkmate"]

1. d4 g6 2. c4 Bg7 3. Nf3 d6 4. g3 Nc6 5. Bg2 Bd7 6. O-O Qc8 7. Nc3 Bh3 8. e4 Bg4 9. Be3 e5 10. d5 Nd4 11. Bxd4 exd4 12. Nb5 Ne7 13. Nbxd4 O-O 14. Qd3 c5 15. dxc6 bxc6 16. Rad1 Rb8 17. b3 Qa6 18. Rd2 Rfd8 19. Ne2 Qa5 20. h3 Bc8 21. Qe3 d5 22. exd5 Nf5 23. Qf4 Ba6 24. dxc6 Re8 25. g4 Bh6 26. g5 Bg7 27. Ned4 Nxd4 28. Nxd4 Be5 29. Qf3 Qxd2 30. Rd1 Qxg5 31. c7 Bxc7 32. Nc6 Bb7 33. Rd7 Re1# 0-1

[Event "Late-Titled-Tuesday-Blitz-April-30-2024"]
[Site "Chess.com"]
[Date "2024.04.30"]
[Round "1"]
[White "super_emi_26"]
[Black "burritus"]
[Result "1-0"]
[WhiteElo "2755"]
[BlackElo "2428"]
[TimeControl "180+1"]
[EndTime "14:05:07 PDT"]
[Termination "super_emi_26 won on time"]

1. b3 e5 2. Bb2 Nc6 3. e3 Nf6 4. Nf3 d5 5. Nxe5 Bd6 6. Nxc6 bxc6 7. Nc3 O-O 8. Be2 Re8 9. O-O h5 10. Bxh5 Nxh5 11. Qxh5 Re6 12. f4 Rh6 13. Qf3 Qh4 14.
h3 Rg6 15. Kh2 Bg4 16. Qf2 Qh5 17. Rae1 Re8 18. Ne2 c5 19. Ng3 Qh6 20. Be5 Bf8 21. f5 1-0

[Event "Late-Titled-Tuesday-Blitz-April-30-2024"]
[Site "Chess.com"]
[Date "2024.04.30"]
[Round "1"]
[White "OIAM03"]
[Black "SCIM"]
[Result "0-1"]
[WhiteElo "1952"]
[BlackElo "2546"]
[TimeControl "180+1"]
[EndTime "14:05:16 PDT"]
[Termination "SCIM won on time"]

1. e4 e6 2. d4 d5 3. Nc3 Nf6 4. e5 Nfd7 5. Nce2 c5 6. c3 Nc6 7. f4 Be7 8. Nf3 O-O 9. g3 f6 10.
Bg2 cxd4 11. cxd4 fxe5 12. fxe5 Qb6 13. Rb1 Bb4+ 14. Bd2 Rxf3 15. Bxf3 Nxd4 16. Nxd4 Qxd4 17. Bxb4 Qxb4+ 18. Kf2 Nxe5 19. Re1 Nxf3 20. Qxf3 Bd7 21.
a3 Qb6+ 22. Kg2 Rf8 23. Qd3 Qf2+ 24. Kh1 Bc6 0-1

[Event "Late-Titled-Tuesday-Blitz-April-30-2024"]
[Site "Chess.com"]
[Date "2024.04.30"]
[Round "1"]
[White "maurovargas01"]
[Black "CDOEspiao"]
[Result "0-1"]
[WhiteElo "1961"]
[BlackElo "2546"]
[TimeControl "180+1"]
[EndTime "14:05:20 PDT"]
[Termination "CDOEspiao won by resignation"]

1. e4 c5 2. Nc3 e6 3. f4 g6 4. Nf3 Bg7 5. d3 Nc6 6. g3 Nce7 7. Bg2 f5 8. O-O Nf6 9. e5 Nfd5 10. Nb5 O-O 11.
Nd6 Rb8 12. a3 b5 13. c4 bxc4 14. dxc4 Nb6 15. b3 Bb7 16. a4 Ba8 17. a5 Nbc8 18.
Nb5 Nc6 19. Ba3 Nb4 20. Qd2 a6 21. Nc3 Na7 22. Rab1 Nac6 23. Na4 Qe7 24. Qe3 Nc2 25. Qxc5 Nxa3 26. Qxe7 Nxe7 27. Nb6 Nxb1 28. Rc1 Bxf3 29. Bxf3 Nd2 30. Bg2 Rfd8 31. b4 Nc6 32. Rb1 Nxb1 0-1

[Event "Late-Titled-Tuesday-Blitz-April-30-2024"]
[Site "Chess.com"]
[Date "2024.04.30"]
[Round "1"]
[White "Nechitaylo_Nikita"]
[Black "diokletian"]
[Result "0-1"]
[WhiteElo "2361"]
[BlackElo "2662"]
[TimeControl "180+1"]
[EndTime "14:05:21 PDT"]
[Termination "diokletian won by resignation"]

1. d4 Nf6 2. c4 e6 3. Nc3 Bb4 4. e3 c5 5. Ne2 cxd4 6. exd4 O-O 7. a3 Be7 8. d5 exd5 9. cxd5 Bc5 10. b4 Bd6 11. h3 a5 12. b5 Re8 13. Be3 Be5 14.
Nd4 d6 15. Be2 Nbd7 16. O-O Nb6 17. Bf3 Nc4 18. Bg5 h6 19. Bxf6 Qxf6 20. Ne4 Qg6 21. Qd3 Bxd4 22. Qxd4 Ne5 23. Qe3 Nxf3+ 0-1

[Event "Late-Titled-Tuesday-Blitz-April-30-2024"]
[Site "Chess.com"]
[Date "2024.04.30"]
[Round "1"]
[White "lcmil"]
[Black "Legendinunknown"]
[Result "0-1"]
[WhiteElo "2453"]
[BlackElo "2814"]
[TimeControl "180+1"]
[EndTime "14:05:25 PDT"]
[Termination "Legendinunknown won by resignation"]

1. e4 e5 2. f4 Bc5 3. Nf3 d6 4.
c3 Nf6 5. d4 exd4 6. cxd4 Bb4+ 7. Bd2 Bxd2+ 8. Nbxd2 O-O 9. Bd3 c5 10. dxc5 dxc5 11. Nc4 b5 12. Nce5 c4 13. Bc2 Bb7 14. Qe2 Qa5+ 15. Kf2 Qb6+ 16. Kf1 Nc6 17. g4 Nd4 18. Nxd4 Qxd4 19. Rd1 Qxb2 20. Qg2 Rad8 21. Re1 Qc3 22. g5 Nh5 0-1

[Event "Late-Titled-Tuesday-Blitz-April-30-2024"]
[Site "Chess.com"]
[Date "2024.04.30"]
[Round "1"]
[White "ural58"]
[Black "IsaqueGoncalvesSanto"]
[Result "1-0"]
[WhiteElo "2542"]
[BlackElo "1862"]
[TimeControl "180+1"]
[EndTime "14:05:26 PDT"]
[Termination "ural58 won on time"]

1. e4 e6 2. d4 d5 3. Nc3 Bb4 4. Ne2 Nf6 5. e5 Nfd7 6. a3 Be7 7. f4 c5 8. Be3 c4 9. g3 a6 10. h4 f5 11. exf6 Nxf6 12. Bh3 O-O 13. O-O Nc6 14. Kh2 Qc7 15. Ng1 Bd7 16. Nf3 Rae8 17. Qe2 b5 18.
Rae1 Bd8 19. Qg2 Qb8 20. Ng5 Bc7 21. Bg1 Nd8 22. Re2 h6 23. Rfe1 hxg5 24. hxg5 Nh5 25.
Nxd5 exd5 26. Bxd7 Rxe2 27. Rxe2 Bxf4 28. gxf4 Nxf4 29.
Qg3 Nf7 30. Rf2 Ng6 31. Qxb8 Rc8 32. Qxc8+ 1-0

[Event "Late-Titled-Tuesday-Blitz-April-30-2024"]
[Site "Chess.com"]
[Date "2024.04.30"]
[Round "1"]
[White "LyonBeast"]
[Black "SHIVACalypso"]
[Result "1-0"]
[WhiteElo "3117"]
[BlackElo "2528"]
[TimeControl "180+1"]
[EndTime "14:05:27 PDT"]
[Termination "LyonBeast won by resignation"]

1. e4 e6 2. d4 d5 3. exd5 exd5 4.
Nf3 Nf6 5. Bd3 Bd6 6. Qe2+ Qe7 7. Qxe7+ Kxe7 8. O-O Re8 9. Nc3 h6 10. Nb5 Nc6 11.
Re1+ Be6 12. c3 a6 13. Nxd6 Kxd6 14. Bf4+ Kd7 15. h3 Re7 16. Re3 Rae8 17. Rae1 Ne4 18. c4 f5 19. c5 g5 20. Ne5+ Nxe5 21. Bxe5 f4 22. R3e2 Bf5 23. Bc2 Bh7 24. Kh2 c6 25.
b4 Nc3 26. Bxh7 Rxh7 27. Rc2 Ne4 28. a4 Ke6 29. f3 Kf5 30. fxe4+ dxe4 31. g4+ fxg3+ 32.
Kxg3 Rd7 33. Rf2+ Kg6 34. Rxe4 h5 35. Rf6+ 1-0

[Event "Late-Titled-Tuesday-Blitz-April-30-2024"]
[Site "Chess.com"]
[Date "2024.04.30"]
[Round "1"]
[White "Pig-filth"]
[Black "CarrotsandPizza"]
[Result "1-0"]
[WhiteElo "2276"]
[BlackElo "2588"]
[TimeControl "180+1"]
[EndTime "14:05:28 PDT"]
[Termination "Pig-filth won by resignation"]

1. d4 Nf6 2. Bg5 g6 3. Bxf6 exf6 4. e3 d5 5. c4 dxc4 6. Bxc4 Bg7 7. Nc3 O-O 8. Nge2 c6 9. h4 Nd7 10. h5 Nb6 11.
Bb3 Re8 12. hxg6 hxg6 13. Nf4 Bf5 14. g4 Bd7 15. Nxg6 Qc8 16. Rg1 Be6 17. Nf4 Bc4 18. g5 Kf8 19. gxf6 Bxf6 20. Qh5 Bxb3 21. axb3 Bxd4 22.
O-O-O Bf6 23. Qh7 Nd5 24. Rxd5 Bxc3 25. Qh6+ 1-0

[Event "Late-Titled-Tuesday-Blitz-April-30-2024"]
[Site "Chess.com"]
[Date "2024.04.30"]
[Round "1"]
[White "carloseduar100"]
[Black "ozates"]
[Result "0-1"]
[WhiteElo "2210"]
[BlackElo "2584"]
[TimeControl "180+1"]
[EndTime "14:05:28 PDT"]
[Termination "ozates won by resignation"]

1. d4 Nf6 2. Bg5 g6 3. Bxf6 exf6 4.
g3 f5 5. Bg2 h5 6. e3 h4 7. Nd2 Bh6 8. c4 d6 9. b4 Nd7 10. Ne2 Nf6 11. a4 Ng4 12. a5 Bxe3 13.
O-O hxg3 14. fxe3 Rxh2 15. Nxg3 Rxg2+ 16. Kxg2 Nxe3+ 17. Kf2 Nxd1+ 18. Raxd1 Kf8 19. Nf3 Kg7 20. Rfe1 Bd7 21. Re2 f4 22. Ne4 d5 23. cxd5 Bb5 24.
Red2 Qxd5 25. Nc3 Qc4 26. Nxb5 Qxb5 27. d5 Qxb4 28. d6 cxd6 29. Rxd6 Qxa5 30. Rd7 Rc8 31. Nd4 Qc3 32. Ne6+ Kf6 33. Nxf4 Qb2+ 34. Kf3 Rc3+ 35. Kg4 Rc4 36. R1d6+ Kg7 37. Rd5 Qf6 0-1

[Event "Late-Titled-Tuesday-Blitz-April-30-2024"]
[Site "Chess.com"]
[Date "2024.04.30"]
[Round "1"]
[White "shimastream"]
[Black "Romadk"]
[Result "1-0"]
[WhiteElo "3024"]
[BlackElo "2512"]
[TimeControl "180+1"]
[EndTime "14:05:29 PDT"]
[Termination "shimastream won by resignation"]

1. Nf3 d5 2. g3 Nd7 3. d4 Nb6 4. Nc3 Nf6 5. Bg2 Bf5 6. Nh4 Bg4 7. h3 Bh5 8. g4 Bg6 9. Nxg6 hxg6 10. a4 c6 11. b3 e6 12. Qd3 Bb4 13. Bd2 Qe7 14.
O-O e5 15. dxe5 Qxe5 16. a5 Nbd7 17. a6 b6 18. g5 Ng4 19. f4 Bc5+ 20. Kh1 Qe6 21.
e4 Nf2+ 22. Rxf2 Bxf2 23. exd5 cxd5 24. Nxd5 Rc8 25. Rf1 Bh4 26. Rf3 O-O 27. Re3 Qf5 28. Ne7+ 1-0

[Event "Late-Titled-Tuesday-Blitz-April-30-2024"]
[Site "Chess.com"]
[Date "2024.04.30"]
[Round "1"]
[White "TheDiscoOne"]
[Black "jefferyx"]
[Result "0-1"]
[WhiteElo "2521"]
[BlackElo "3092"]
[TimeControl "180+1"]
[EndTime "14:05:30 PDT"]
[Termination "jefferyx won by resignation"]

1. c4 g6 2. g3 Bg7 3. Bg2 d6 4. Nc3 Nc6 5. e4 h5 6. h4 e5 7. Nge2 Bg4 8. O-O Qd7 9. Kh2 g5 10. f3 Be6 11. hxg5 Bxc4 12. d3 Be6 13. Be3 h4 14. g4 Nge7 15. b4 Ng6 16. b5 Nd4 17. Bxd4 exd4 18. Nd5 h3 19. Bh1 Bxd5 20. exd5 O-O-O 21. Qa4 Kb8 22. Nxd4 Be5+ 23. f4 Nxf4 24. Nc6+ bxc6 25.
bxc6 Ne2+ 26. Rf4 Bxf4+ 27. Qxf4 Nxf4 28. cxd7 Rxd7 29. Kg3 Nxd3 30. Be4 Nc5 31. Bc2 Re7 32. g6 fxg6 33. Bxg6 Re3+ 34. Kf2 Ra3 0-1

[Event "Late-Titled-Tuesday-Blitz-April-30-2024"]
[Site "Chess.com"]
[Date "2024.04.30"]
[Round "1"]
[White "Perecke"]
[Black "TedBelanoff"]
[Result "1-0"]
[WhiteElo "2566"]
[BlackElo "2166"]
[TimeControl "180+1"]
[EndTime "14:05:31 PDT"]
[Termination "Perecke won by resignation"]

1. e4 d5 2. exd5 Qxd5 3. Nc3 Qd6 4. Bc4 c6 5. Nf3 Nf6 6. h3 h5 7. d4 Bf5 8. Be3 e6 9. Qd2 Nbd7 10. O-O-O a5 11. a3 b5 12. Bf4 Qe7 13. Bxb5 cxb5 14. Nxb5 Ne4 15. Nc7+ Kd8 16. Qe1 Rc8 17. Qxa5 Nb6 18.
Qxb6 Rxc7 19. d5 Nd6 20. Bxd6 Qxd6 21. dxe6 Kc8 22. Rxd6 Rxc2+ 23. Kb1 Bxd6 24. Qa6+ Kc7 25. Qa5+ Kc8 26. Qxf5 Rc7 27. exf7+ Kb8 28. Nd4 Rf8 29. Re1 Rfxf7 30. Re8+ Kb7 31. Qb5+ Ka7 32. Qa5+ Kb7 33.
Qb5+ Ka7 34. Nc6+ 1-0

[Event "Late-Titled-Tuesday-Blitz-April-30-2024"]
[Site "Chess.com"]
[Date "2024.04.30"]
[Round "1"]
[White "acertijo08"]
[Black "merinasian"]
[Result "0-1"]
[WhiteElo "2281"]
[BlackElo "2614"]
[TimeControl "180+1"]
[EndTime "14:05:33 PDT"]
[Termination "merinasian won by resignation"]

1. e4 d6 2. d4 Nd7 3. Nc3 g6 4. f4 Bg7 5. Nf3 c5 6. d5 a6 7. a4 Rb8 8. Bd3 Ngf6 9. O-O O-O 10. Qe1 Qc7 11. e5 Ne8 12. Qh4 c4 13. Ng5 h6 14.
Nxf7 cxd3 15. Nxh6+ Bxh6 16. Qxh6 dxe5 17. Qxg6+ Ng7 18.
Ne4 Qb6+ 19. Qxb6 Nxb6 20. fxe5 Rxf1+ 21. Kxf1 dxc2 22. Nc3 Bf5 23. b3 Rc8 24. Bd2 Rc5 0-1

[Event "Late-Titled-Tuesday-Blitz-April-30-2024"]
[Site "Chess.com"]
[Date "2024.04.30"]
[Round "1"]
[White "rasmussvane"]
[Black "Krlence"]
[Result "1-0"]
[WhiteElo "2952"]
[BlackElo "2501"]
[TimeControl "180+1"]
[EndTime "14:05:34 PDT"]
[Termination "rasmussvane won by resignation"]

1. Nf3 d5 2. g3 Nf6 3. Bg2 Bf5 4. O-O c6 5. c4 e6 6. Qb3 Qb6 7. d3 Nbd7 8. cxd5 cxd5 9. Nc3 a6 10. Be3 Qxb3 11.
axb3 Bb4 12. Nd4 Bg6 13. h3 Rc8 14. Rac1 Ke7 15. f4 Bxc3 16. bxc3 h6 17. c4 dxc4 18. bxc4 Rc7 19. Rb1 b6 20. Nc6+ Kd6 21. Ne5 Rb8 22. Rb2 Ke7 23. Nc6+ Kd6 24. Nxb8 1-0

[Event "Late-Titled-Tuesday-Blitz-April-30-2024"]
[Site "Chess.com"]
[Date "2024.04.30"]
[Round "1"]
[White "Durarbayli"]
[Black "whiteglovethief"]
[Result "1-0"]
[WhiteElo "2935"]
[BlackElo "2499"]
[TimeControl "180+1"]
[EndTime "14:05:34 PDT"]
[Termination "Durarbayli won by resignation"]

1. e4 e6 2. d4 d5 3. e5 c5 4. c3 Nc6 5. Nf3 Bd7 6. Be2 cxd4 7. cxd4 Nge7 8. Na3 Nf5 9. Nc2 Rc8 10. O-O Qb6 11.
Kh1 Be7 12. Bd3 h5 13. Rb1 g6 14. b4 a6 15. a3 Na7 16. Bg5 Ba4 17. Bxe7 Kxe7 18. Qd2 Bxc2 19. Bxc2 Nb5 20. Qg5+ Kd7 21. Bxf5 exf5 22. e6+ Qxe6 23. Rfe1 Qd6 24. Ne5+ 1-0

[Event "Late-Titled-Tuesday-Blitz-April-30-2024"]
[Site "Chess.com"]
[Date "2024.04.30"]
[Round "1"]
[White "Kobalia"]
[Black "ImportedItalianMaple"]
[Result "1-0"]
[WhiteElo "2773"]
[BlackElo "2432"]
[TimeControl "180+1"]
[EndTime "14:05:34 PDT"]
[Termination "Kobalia won by resignation"]

1. e4 g6 2. d4 Bg7 3. Nf3 d6 4. Bc4 c6 5. Bb3 Nf6 6. Qe2 Bg4 7. Nbd2 O-O 8. h3 Bxf3 9. Nxf3 Nbd7 10. O-O e5 11.
dxe5 Nxe5 12. Nxe5 dxe5 13. a4 a5 14. Rd1 Qe7 15.
Qc4 Rfd8 16. Be3 Nd7 17. Rd2 Nf8 18. Rxd8 Rxd8 19. Bb6 Ra8 20. Rd1 Nd7 21. Qxf7+ Qxf7 22. Bxf7+ Kxf7 23. Rxd7+ Kf6 24. Rxb7 g5 25. Kf1 h5 26. g4 h4 27. Ke2 Bf8 28. b3 Be7 29. Rc7 Bb4 30.
Rxc6+ Kf7 31. Bc5 Bc3 32. Be3 1-0

[Event "Late-Titled-Tuesday-Blitz-April-30-2024"]
[Site "Chess.com"]
[Date "2024.04.30"]
[Round "1"]
[White "Bryanl106"]
[Black "financieru"]
[Result "1-0"]
[WhiteElo "2696"]
[BlackElo "2400"]
[TimeControl "180+1"]
[EndTime "14:05:36 PDT"]
[Termination "Bryanl106 won by resignation"]

1. e4 c5 2. Nf3 e6 3. d4 cxd4 4. Nxd4 a6 5. Bd3 d6 6. O-O Nf6 7. Kh1 Be7 8. Nc3 O-O 9. f4 Qc7 10. Qe2 Nc6 11. Nxc6 bxc6 12. e5 Nd5 13. exd6 Bxd6 14.
Qh5 g6 15. Nxd5 cxd5 16. Qh6 Re8 17. Bd2 a5 18. Bc3 Bf8 19. Qg5 Bg7 20. Be5 Qa7 21.
Rf3 Ba6 22. Bxg7 Kxg7 23. Bxa6 Qxa6 24. Rh3 h5 25. Rxh5 Rh8 26. Qe5+ f6 27. Qc7+ Kg8 28.
Rxh8+ Kxh8 29. Qf7 e5 30. Qxg6 Rf8 31. fxe5 1-0

[Event "Late-Titled-Tuesday-Blitz-April-30-2024"]
[Site "Chess.com"]
[Date "2024.04.30"]
[Round "1"]
[White "Agustin_Meza"]
[Black "Marcin"]
[Result "1-0"]
[WhiteElo "2139"]
[BlackElo "2541"]
[TimeControl "180+1"]
[EndTime "14:05:38 PDT"]
[Termination "Agustin_Meza won by resignation"]

1. e4 c5 2. Nf3 d6 3. d4 cxd4 4.
Nxd4 Nf6 5. Nc3 Nc6 6. Bc4 Qb6 7. Nxc6 bxc6 8. O-O e6 9. Bb3 Be7 10. Be3 Qc7 11. f4 O-O 12. f5 exf5 13. exf5 d5 14. Qd2 Bd6 15. h3 Ba6 16. Rf3 Rfe8 17. Bd4 Be5 18. Re3 Bf4 19. Rxe8+ Rxe8 20. Qf2 Bg3 21. Qf3 Ne4 22. Qg4 Be5 23. Bxe5 Qxe5 24. Nxe4 Qxe4 25. Qxe4 Rxe4 26. Rd1 h5 27. c3 Re2 28. Rb1 Bd3 29.
Rd1 Bxf5 30. c4 dxc4 31. Bxc4 Be4 32. Rd8+ Kh7 33. Bxe2 1-0

[Event "Late-Titled-Tuesday-Blitz-April-30-2024"]
[Site "Chess.com"]
[Date "2024.04.30"]
[Round "1"]
[White "only_strong_moves"]
[Black "duone"]
[Result "1-0"]
[WhiteElo "2723"]
[BlackElo "2416"]
[TimeControl "180+1"]
[EndTime "14:05:41 PDT"]
[Termination "only_strong_moves won by resignation"]

1. Nc3 d5 2. e4 d4 3. Nce2 e5 4.
c3 Nc6 5. Ng3 Nf6 6. Nf3 Bc5 7.
Bb5 Bd7 8. d3 Qe7 9. O-O O-O 10.
a3 a6 11. Bxc6 Bxc6 12. Nf5 Qe6 13. cxd4 exd4 14. N3xd4 Bxd4 15. Nxd4 Qd6 16. Nxc6 Qxc6 17. Qe2 Rad8 18. Be3 Rfe8 19. Rac1 Qd6 20. Rfd1 c6 21.
f3 Nh5 22. Qf2 Nf4 23. d4 f5 24. e5 Qh6 25. Qd2 g5 26. Bxf4 gxf4 27. Qb4 Re6 28. Qxb7 Rg6 29. d5 Qh3 30. Rc2 Qxf3 31. Rf1 Qxd5 32.
Qe7 Qd4+ 33. Kh1 Qd1 34. Rf2 Rd2 35. e6 f3 36. Qf7+ Kh8 37. Qf8+ Rg8 38. Qf6+ Rg7 39. gxf3 Qc2 40. e7 Re2 41. e8=Q+ Rxe8 42. Rxc2 Rg8 1-0

[Event "Late-Titled-Tuesday-Blitz-April-30-2024"]
[Site "Chess.com"]
[Date "2024.04.30"]
[Round "1"]
[White "Moltini"]
[Black "rezamahdavi2008"]
[Result "0-1"]
[WhiteElo "2498"]
[BlackElo "2928"]
[TimeControl "180+1"]
[EndTime "14:05:43 PDT"]
[Termination "rezamahdavi2008 won by resignation"]

1. d4 Nf6 2. c4 b6 3. Nc3 Bb7 4. Nf3 e6 5. a3 d5 6. Bg5 Be7 7. e3 O-O 8. Rc1 Nbd7 9. Bd3 Ne4 10. Bf4 c5 11. O-O Rc8 12. Qe2 cxd4 13. exd4 Ndf6 14.
cxd5 Nxc3 15. Rxc3 Nxd5 16. Rxc8 Nxf4 17. Rxd8 Nxe2+ 18. Bxe2 Rxd8 19. Rc1 Bd6 20. h3 Kf8 21. Kf1 Ke7 22.
Ne5 Bb8 23. Rd1 Rc8 24. Bf3 Ba6+ 25. Be2 Bb7 26. Bf3 Bxf3 27. Nxf3 Rc2 28. Rd2 Rxd2 29.
Nxd2 Kd6 30. Ke2 Kd5 31. Kd3 b5 32. Ne4 f5 33. Nc3+ Kc6 34. d5+ exd5 35. Kd4 a5 36.
Nxd5 Ba7+ 37. Ke5 Bxf2 38. Ne7+ Kc5 39. Nxf5 Kc4 40. Nxg7 Bd4+ 0-1

[Event "Late-Titled-Tuesday-Blitz-April-30-2024"]
[Site "Chess.com"]
[Date "2024.04.30"]
[Round "1"]
[White "Balla_Tamas"]
[Black "Msb2"]
[Result "0-1"]
[WhiteElo "2518"]
[BlackElo "3043"]
[TimeControl "180+1"]
[EndTime "14:05:44 PDT"]
[Termination "Msb2 won by resignation"]

1. e4 e6 2. d4 d5 3. Nd2 c5 4. exd5 Qxd5 5. Ngf3 cxd4 6. Bc4 Qd6 7.
O-O Nf6 8. Nb3 Nc6 9. Nbxd4 Nxd4 10. Nxd4 Be7 11. c3 O-O 12. Bb3 e5 13. Nf3 Qc7 14. h3 e4 15. Nd4 h6 16. Re1 Bc5 17. Be3 a6 18. Qe2 Re8 19. Rad1 b5 20. a4 bxa4 21.
Bxa4 Bd7 22. Qc4 Bxa4 23. Qxa4 Nd5 24. Qc4 Nxe3 25. Rxe3 Qb6 26. b4 Bxd4 27. Rxd4 Rac8 28. Qd5 Rcd8 29. Rexe4 Rxd5 30. Rxe8+ Kh7 31. Rxd5 Qc6 32. Rdd8 Qxc3 33. Rh8+ Kg6 34. Rd6+ f6 35. Re8 Qc1+ 36. Kh2 Qf4+ 0-1

[Event "Late-Titled-Tuesday-Blitz-April-30-2024"]
[Site "Chess.com"]
[Date "2024.04.30"]
[Round "1"]
[White "Thjop"]
[Black "kalxandria"]
[Result "1-0"]
[WhiteElo "2586"]
[BlackElo "2222"]
[TimeControl "180+1"]
[EndTime "14:05:44 PDT"]
[Termination "Thjop won by resignation"]

1. d4 Nf6 2. g3 e6 3. Bg2 d5 4.
Nf3 Be7 5. O-O O-O 6. c4 c6 7. Nc3 b6 8. Nd2 Bb7 9. e4 dxe4 10. Ndxe4 Nxe4 11. Nxe4 Nd7 12. Bf4 Nf6 13. Nc3 Rc8 14. Re1 Qd7 15. Qd2 Rfd8 16. Rad1 Nh5 17. Be3 Nf6 18. Qc2 Qc7 19. Bf4 Bd6 20. Be5 Nd7 21.
Bxd6 Qxd6 22. Ne4 Qe7 23. c5 e5 24. Nd6 Rb8 25. Nxb7 Rxb7 26. dxe5 Nxc5 27. Bxc6 Rc7 28.
Rxd8+ Qxd8 29. Be4 Ne6 30. Bxh7+ Kh8 31. Qd3 Qe7 32. Bf5 Nc5 33. Qf3 g6 34. Bb1 Kg7 35. h4 Ne6 36. h5 Nd4 37. Qg4 Qc5 38. hxg6 1-0

[Event "Late-Titled-Tuesday-Blitz-April-30-2024"]
[Site "Chess.com"]
[Date "2024.04.30"]
[Round "1"]
[White "Rytenko_V"]
[Black "TigrVShlyape"]
[Result "0-1"]
[WhiteElo "2496"]
[BlackElo "2923"]
[TimeControl "180+1"]
[EndTime "14:05:45 PDT"]
[Termination "TigrVShlyape won by resignation"]

1. d4 f5 2. Nf3 Nf6 3. g3 g6 4. Bg2 Bg7 5. O-O O-O 6. c4 d6 7. Nc3 c6 8. Re1 Na6 9. e4 fxe4 10. Nxe4 Nxe4 11. Rxe4 Bf5 12. Re3 e5 13. dxe5 dxe5 14. Qf1 Nb4 15. Rb3 Nc2 16. Bg5 Qc7 17. Rc1 h6 18. Nh4 Nd4 19. Nxf5 gxf5 20. Be3 Nxb3 21. axb3 e4 22. Bf4 Qb6 23. Qd1 Rad8 24. Qc2 Qd4 25.
c5 Qd3 26. Bf1 Qxc2 27. Rxc2 Rfe8 28. Bc4+ Kh7 29. b4 a6 30. Kg2 Kg6 31. h4 h5 32.
Bd6 Be5 33. Rd2 Bxd6 34. cxd6 Rd7 35. Rd4 Red8 0-1

[Event "Late-Titled-Tuesday-Blitz-April-30-2024"]
[Site "Chess.com"]
[Date "2024.04.30"]
[Round "1"]
[White "IamSchrodingersCat"]
[Black "PoAslan"]
[Result "1-0"]
[WhiteElo "2666"]
[BlackElo "2369"]
[TimeControl "180+1"]
[EndTime "14:05:47 PDT"]
[Termination "IamSchrodingersCat won by resignation"]

1. e4 e6 2. d4 d5 3. Nc3 Bb4 4. e5 c5 5. a3 Bxc3+ 6. bxc3 Qc7 7. h4 Nc6 8. h5 h6 9. Qg4 f5 10. exf6 Nxf6 11. Qg6+ Qf7 12. Qxf7+ Kxf7 13. Nf3 c4 14. a4 b6 15. Bf4 Bd7 16. Be2 Ne4 17. Ra3 Rhf8 18.
Ne5+ Ke7 19. Ng6+ Kf7 20. Nxf8 Rxf8 21. f3 Nf6 22. g4 Re8 23. Kd2 Nh7 24. Re1 Ng5 25.
Rf1 Nh7 26. Raa1 Nf6 27. Be5 Nh7 28. f4 Nf6 29. Bf3 Ke7 30. g5 hxg5 31. fxg5 Nh7 32. Bxg7 Nxg5 33. h6 Rg8 34. Bh5 Be8 35. Bxe8 Kxe8 36.
Rg1 Nf3+ 37. Ke3 Nxg1 38. h7 Rxg7 39. h8=Q+ Kf7 40. Rf1+ 1-0

[Event "Late-Titled-Tuesday-Blitz-April-30-2024"]
[Site "Chess.com"]
[Date "2024.04.30"]
[Round "1"]
[White "FedaMaster"]
[Black "crosky"]
[Result "1-0"]
[WhiteElo "2641"]
[BlackElo "2342"]
[TimeControl "180+1"]
[EndTime "14:05:47 PDT"]
[Termination "FedaMaster won by resignation"]

1. d4 Nf6 2. Nf3 e6 3. b3 b6 4. Bb2 Bb7 5. Nbd2 c5 6. e3 Be7 7. a3 O-O 8. Bd3 d6 9. O-O Nbd7 10. Qe2 h6 11. Rfd1 Qc7 12. Rac1 Rfe8 13. h3 Rac8 14. c4 Qb8 15. Bb1 cxd4 16. Nxd4 Nc5 17. f3 d5 18. cxd5 Nxd5 19. Ba1 Bf6 20. b4 Na4 21.
Ne4 Be5 22. f4 Bc7 23. Qg4 Nxe3 24. Nf6+ Kh8 25. Qh5 Nxd1 26. Nxe8 Rxe8 27. Nc6 Bxc6 28.
Qxh6+ 1-0

[Event "Late-Titled-Tuesday-Blitz-April-30-2024"]
[Site "Chess.com"]
[Date "2024.04.30"]
[Round "1"]
[White "picturesquecheck"]
[Black "balachess2006"]
[Result "1-0"]
[WhiteElo "2417"]
[BlackElo "2684"]
[TimeControl "180+1"]
[EndTime "14:05:49 PDT"]
[Termination "picturesquecheck won by checkmate"]

1. e4 c5 2. Nf3 Nc6 3. d4 cxd4 4. Nxd4 Nf6 5. Nc3 e5 6. Ndb5 d6 7. Bg5 a6 8. Na3 b5 9. Nd5 Be7 10. Bxf6 Bxf6 11. c4 b4 12. Nc2 O-O 13. Qf3 Bg5 14. h4 Bh6 15. g3 a5 16. Bg2 Kh8 17. Qe2 Rb8 18. O-O Be6 19. Rfd1 Qd7 20. Nde3 Qa7 21.
b3 Nd4 22. Nxd4 exd4 23. Nc2 g6 24. Nxd4 Bg7 25. Qd3 Qc5 26. Rac1 Bg4 27. f3 Bd7 28. Kh2 Rbd8 29. Ne2 Bc8 30. Nd4 Bd7 31. Bh3 f5 32. exf5 gxf5 33. f4 Rde8 34. Bg2 Re7 35. Nf3 Rf6 36. Rc2 Rg6 37. Re2 Rf7 38. Qd5 Qxd5 39. Rxd5 Bc6 40. Rxa5 Bc3 41. Ng5 Rc7 42. Bxc6 Rxc6 43. Ra7 h6 44. Re8+ Rg8 45. Rh7# 1-0